 Dungeon Crawl Stone Soup version 0.31-a0-1144-g99969ba1bc (webtiles) character file.

Game seed: 9238969914071737853

88011 Dirtsage the Earth Mage (level 15, -1/96 HPs)
             Began as a Gargoyle Earth Elementalist on Dec 6, 2023.
             Was the Champion of Vehumet.
             Slain by a broodmother (27 damage)
             ... on level 2 of the Spider Nest.
             The game lasted 01:42:50 (21652 turns).

Dirtsage the Earth Mage (GrEE)                     Turns: 21652, Time: 01:42:51

Health: -1/96      AC: 24    Str: 15      XL:     15   Next: 92%
Magic:  17/29      EV:  7    Int: 27 (29) God:    Vehumet [******]
Gold:   1998       SH: 12    Dex:  7 (10) Spells: 8/34 levels left

rFire   + + .        R - +7 consecrated labrys {holy, Valiant Fragile Fly SInv}
rCold   + + +        M - +1 tower shield {rC+}
rNeg    + + .        O - +1 robe {rC+ rF+}
rPois   ∞            H - +1 helmet of the Known World {rF- rC+ rN+ Regen+}
rElec   +            w - scarf {+Inv}
rCorr   .            e - +2 pair of gloves
SInv    +            s - +0 pair of boots
Will    +....        v - amulet of Fymyaraj {Faith rF++ Int+3}
Stlth   ++           L - +6 ring of intelligence
HPRegen 1.16/turn    X - +4 ring of protection
MPRegen 0.21/turn

%: faith
@: flying, studying Ice Magic
A: sickness immunity, AC +11, big wings, negative energy resistance 1,
electricity resistance, torment resistance 1, petrification resistance
a: Renounce Religion, Evoke Invisibility


You were on level 2 of the Spider Nest.
You worshipped Vehumet.
Vehumet was exalted by your worship.
You visited 5 branches of the dungeon, and saw 21 of its levels.
You also visited: Gauntlet, Ice Cave and Volcano.

You collected 3096 gold pieces.
You spent 1098 gold pieces at shops.

Inventory:

Hand Weapons
 K - a +5 short sword of holy wrath
 R - the +7 consecrated labrys (weapon) {holy, Valiant Fragile Fly SInv}
   (You found it on level 4 of the Lair of Beasts)

   Valiant:   It becomes more powerful as more dangerous foes come into view.
   SInv:      It lets you see invisible.
   Fly:       It grants you flight.
   Fragile:   It will be destroyed if unequipped.
Missiles
 n - 3 throwing nets
 G - 8 curare-tipped darts
Armour
 e - a +2 pair of gloves (worn)
 s - a +0 pair of boots (worn)
 w - a scarf of invisibility (worn)
 H - the +1 helmet of the Known World (worn) {rF- rC+ rN+ Regen+}
   (You found it on level 8 of the Dungeon)

   rF-:       It makes you vulnerable to fire.
   rC+:       It protects you from cold.
   rN+:       It protects you from negative energy.
   Regen+:    It increases your rate of health regeneration.
 M - a +1 tower shield of cold resistance (worn)
 O - a +1 robe of resistance (worn)
Magical Staves
 a - a staff of air
Jewellery
 v - the amulet of Fymyaraj (around neck) {Faith rF++ Int+3}
   (You found it on level 4 of the Dungeon)

   [amulet of faith]

   Faith:     It allows you to gain divine favour quickly.
   Int+3:     It affects your intelligence (+3).
   rF++:      It greatly protects you from fire.
 C - a ring of resist corrosion
 I - an amulet of the acrobat
 L - a +6 ring of intelligence (left hand)
 W - a ring of ice
 X - a +4 ring of protection (right hand)
Wands
 p - a wand of polymorph (14)
 y - a wand of charming (27)
 A - a wand of roots (36)
 E - a wand of flame (22)
 J - a wand of mindburst (13)
Scrolls
 g - 4 scrolls of fear
 i - 2 scrolls of identify
 j - 4 scrolls of enchant weapon
 o - 2 scrolls of butterflies
 r - 2 scrolls of noise
 t - 6 scrolls of teleportation
 u - 3 scrolls of fog
 z - a scroll of enchant armour
 B - 2 scrolls of blinking
 F - 3 scrolls of revelation
 P - a scroll of poison
 Q - 3 scrolls of vulnerability
 V - a scroll of immolation
Potions
 b - 2 potions of magic
 c - 5 potions of attraction
 d - a potion of might
 f - 6 potions of mutation
 h - 2 potions of haste
 k - 4 potions of invisibility
 l - 9 potions of heal wounds
 m - 5 potions of lignification
 q - 8 potions of curing
 x - 8 potions of ambrosia
 T - a potion of brilliance
 U - 6 potions of enlightenment {unknown}
Miscellaneous
 D - a phantom mirror
 N - a sack of spiders
 S - a lightning rod (4/4)


   Skills:
 + Level 11.8 Fighting
 + Level 3.0 Axes
 + Level 3.4 Armour
 - Level 1.5 Dodging
 - Level 2.1 Stealth
 + Level 3.5 Shields
 + Level 10.2 Spellcasting
 + Level 11.6 Conjurations
 - Level 4.1 Hexes
 - Level 4.8 Necromancy
 - Level 0.7 Transmutations
 + Level 11.0 Ice Magic
 - Level 6.4 Air Magic
 * Level 17.9 Earth Magic


You had 8 spell levels left.
You knew the following spells:

 Your Spells              Type           Power      Damage    Failure   Level
a - Sandblast             Erth           100%       2d20      1%          1
b - Fulminant Prism       Conj/Hex       27%        3d13      5%          4
c - Frozen Ramparts       Ice            100%       1d16      1%          3
d - Freezing Cloud        Conj/Ice/Air   30%        6-21      7%          5
f - Borgnjor's Vile Clut  Necr/Erth      33%        N/A       14%         5
x - Stone Arrow           Conj/Erth      100%       3d13      1%          3
z - Lee's Rapid Deconstr  Erth           42%        3d20*     1%          5

Your spell library contained the following spells:

 Spells                   Type           Power      Damage    Failure   Level
 Arcjolt                  Conj/Air       29%        1d39      10%         5
 Freeze                   Ice            100%       1d10      1%          1
 Magic Dart               Conj           100%       1d8       1%          1
 Shock                    Conj/Air       100%       1d9       1%          1
 Passwall                 Tmut/Erth      49%        N/A       1%          2
 Searing Ray              Conj           100%       2d8       1%          2
 Static Discharge         Conj/Air       100%       3-8/arc   1%          2
 Hailstorm                Conj/Ice       66%        3d12      1%          3
 Brom's Barrelling Bould  Conj/Erth      76%        2d9       1%          4
 Poisonous Vapours        Pois/Air       62%        N/A       6%          2
 Necrotise                Necr           100%       1d9       7%          1
 Airstrike                Air            24%        2d(4-20)  11%         4
 Petrify                  Tmut/Erth      59%        N/A       12%         4
 Animate Armour           Summ/Erth      100%       N/A       13%         4
 Vampiric Draining        Necr           40%        2d8       22%         3
 Ignite Poison            Fire/Tmut/Pois 15%        N/A       34%         3
 Sting                    Tmut/Pois      60%        1d6       43%         1
 Apportation              Tloc           26%        N/A       47%         1
 Summon Small Mammal      Summ           52%        N/A       47%         1
 Animate Dead             Necr           40%        N/A       56%         4
 Olgreb's Toxic Radiance  Pois           13%        N/A       75%         4
 Summon Lightning Spire   Summ/Air       31%        N/A       80%         4
 Lehudib's Crystal Spear  Conj/Erth      38%        10d9      86%         8
 Agony                    Necr           40%        N/A       89%         5
 Alistair's Intoxication  Tmut/Pois      10%        N/A       100%        5
 Eringya's Noxious Bog    Tmut/Pois      7%         4d6       100%        6
 Haunt                    Necr/Summ      13%        N/A       100%        7
 Infestation              Necr           20%        N/A       100%        8
 Cigotuvi's Dreadful Rot  Necr/Pois/Air  Unusable   N/A       N/A         2

Dungeon Overview and Level Annotations

Branches:
Dungeon (11/15)            Temple (1/1) D:6            Lair (5/5) D:11
 Shoals (0/4) Lair:2       Spider (2/4) Lair:2        Slime (0/5) Lair:4
    Orc (2/2) D:10            Elf (0/3) Orc:2         IceCv (visited)
Volcano (visited)         Gauntlet (visited)

Altars:
Ashenzari
Cheibriados
Dithmenos
Elyvilon
Fedhas
Gozag
Hepliaklqana
Kikubaaqudgha
Makhleb
Nemelex Xobeh
Okawaru
Qazlal
Ru
Sif Muna
Trog
Uskayaw
Vehumet
Wu Jian
Xom
Yredelemnul
Zin
The Shining One
Jiyva

Shops:
D:6 :   D:7 *   Orc:2 ![!=

Portals:
Pandemonium: Orc:2

Annotations:
Orc:2 2 runed translucent doors, exclusion: orange crystal statue


Innate Abilities, Weirdness & Mutations

You are immune to sickness and miasma.
Your stone body is resilient. (AC +11)
You are immune to poison.
Your large and strong wings let you fly.
You resist negative energy. (rN+)
You are resistant to electric shocks. (rElec)
You are resistant to unholy torment.
You are immune to petrification.


Message History

Confirm with . or Enter, or press ? or * to list all spells.
Aiming: Stone Arrow (safe; 1% risk of failure)
Press: ? - help, Shift-Dir - straight line, f - broodmother
Aim: a broodmother (heavily wounded, 95% to hit)
The stone arrow hits the broodmother!
The broodmother is severely wounded.
The wall freezes the broodmother.
The broodmother bites you!
* * * LOW HITPOINT WARNING * * *
You take 16 damage, and have 22/96 hp.
You now have 25/29 mp.
Casting: Stone Arrow (safe; 1% risk of failure)
Confirm with . or Enter, or press ? or * to list all spells.
Aiming: Stone Arrow (safe; 1% risk of failure)
Press: ? - help, Shift-Dir - straight line, f/p - broodmother
Aim: a broodmother (severely wounded, 95% to hit)
The stone arrow hits the broodmother!!
The broodmother is almost dead.
The wall freezes the broodmother.
The broodmother summons spiders!
You now have 22/29 mp.
Press: ? - help, v - describe, . - travel The floor.
Unknown command.
Casting: Stone Arrow (safe; 1% risk of failure)
Confirm with . or Enter, or press ? or * to list all spells.
Aiming: Stone Arrow (safe; 1% risk of failure)
Press: ? - help, Shift-Dir - straight line, f - broodmother
Aim: a broodmother (almost dead, 95% to hit)
The stone arrow hits the broodmother!
The broodmother is almost dead.
The wall freezes the broodmother but does no damage.
You block the broodmother's attack.
You regained 2 hp, and now have 25/96 hp.
You now have 19/29 mp.
Casting: Stone Arrow (safe; 1% risk of failure)
Confirm with . or Enter, or press ? or * to list all spells.
Aiming: Stone Arrow (safe; 1% risk of failure)
Press: ? - help, Shift-Dir - straight line, f/p - broodmother
Aim: a broodmother (almost dead, 95% to hit)
The stone arrow misses the broodmother.
The frozen ramparts melt away.
The broodmother bites you!!
You die...

###......^# ##^.#..##
#..#..# ##.....#
#<.^.### #####....#
#..#.>..##
###^..#.^.###
#.#...#...#@#
###.....##.s##
##.......##..#####.#$.
#.^.....##.........^.≈
#....#...##.........≈≈
##..###.#.##.#......~≈≈
#.#^.##..^#.###.....≈?.
######...### ##....≈..
##..# )≈≈≈≈≈≈


You could see a broodmother.

Vanquished Creatures
  Kirke (Lair:4)
  A ghost moth (Spider:1)
  3 spark wasps (Spider:1)
  An ice dragon (Lair:3)
  A catoblepas (D:11)
  Erolcha (Orc:2)
  3 hydras
  2 demonspawn (Orc:2)
  A merfolk avatar (Lair:5)
  A boulder beetle (Lair:5)
  2 two-headed ogres
  8 death yaks
  A hell hog (Volcano)
  7 orc high priests (Orc:2)
  A demonic crawler (Spider:1)
  Urug (D:11)
  A soul eater (Orc:2)
  Sonja (Lair:2)
  A sun demon (Orc:2)
  A fire crab (Volcano)
  A pharaoh ant (Spider:1)
  3 skysharks
  2 orb spiders (Spider:1)
  Pikel (D:8)
  2 bog bodies (IceCv)
  A harpy (Lair:5)
  5 lindwurms
  7 wolf spiders (Spider:1)
  6 orc knights
  A deep elf pyromancer (D:10)
  7 orc sorcerers
  A cyclops (D:11)
  14 elephants
  Maurice (D:8)
  An ice statue (IceCv)
  A molten gargoyle (Volcano)
  A gargoyle (D:10)
  12 cane toads
  3 torpor snails
  3 rime drakes
  Psyche (D:8)
  12 komodo dragons
  An ice devil (IceCv)
  5 polar bears
  A queen bee (Lair:1)
  2 wind drakes (Lair:5)
  2 trolls (Orc:1)
  A hornet (Lair:5)
  8 blink frogs (Lair:2)
  2 tarantellas (Spider:1)
  2 snapping turtles (Lair:5)
  6 dream sheep (Lair:5)
  3 jumping spiders (Spider:1)
  3 culicivoras (Spider:1)
  A ynoxinul (Orc:2)
  A shadow (D:9)
  A dire elephant simulacrum (IceCv)
  2 slime creatures (Lair:4)
  4 wyverns
  A wraith (D:11)
  62 yaks
  A vampire (D:9)
  2 basilisks
  12 fire bats (Volcano)
  A fire elemental (Lair:2)
  6 hogs (Lair:4)
  5 steam dragons
  A chaos spawn (Orc:2)
  7 redbacks
  2 harpy simulacra (IceCv)
  A warg (Orc:1)
  13 water moccasins
  3 ice beasts
  2 hell hounds (Volcano)
  23 orc warriors
  3 sky beasts
  6 black bears
  8 ogres
  4 wolves (Lair:3)
  6 centaurs
  A phantom (D:6)
  3 lemures
  3 kobold brigands
  14 bullfrogs
  A gnoll sergeant (D:9)
  7 scorpions
  4 two-headed ogre simulacra (IceCv)
  3 wights (D:6)
  2 elephant simulacra (IceCv)
  21 killer bees
  An electric eel (Lair:2)
  7 howler monkeys
  A crimson imp (D:7)
  6 lava snakes (Volcano)
  19 orc priests
  A gnoll bouda (D:7)
  4 hounds
  4 jellies
  2 sleepcaps
  Terence (D:3)
  17 orc wizards
  5 iguanas
  3 polar bear simulacra (IceCv)
  4 troll simulacra (IceCv)
  8 spriggan simulacra (IceCv)
  3 wolf simulacra (IceCv)
  5 naga simulacra (IceCv)
  11 adders
  12 gnolls
  A shadow imp (D:6)
  5 white imps
  10 ufetubi
  2 worms
  3 dart slugs
  65 orcs
  6 bats
  5 endoplasms
  6 giant cockroaches
  7 goblins
  5 hobgoblins
  6 jackals
  15 kobolds
  5 quokkas
  11 ball pythons
  7 frilled lizards
  7 rats
  A spectral orc (D:9)
679 creatures vanquished.

Notes
Turn   | Place    | Note
-------+----------+-------------------------------------------
     0 | D:1      | Dirtsage the Gargoyle Earth Elementalist began the quest
                  | for the Orb.
     0 | D:1      | Reached XP level 1. HP: 10/10 MP: 3/3
   165 | D:1      | Reached XP level 2. HP: 16/16 MP: 1/5
   259 | D:1      | Reached skill level 4 in Earth Magic
   617 | D:1      | Reached skill level 1 in Fighting
   617 | D:1      | Reached skill level 1 in Conjurations
   707 | D:1      | Reached XP level 3. HP: 20/20 MP: 3/6
   974 | D:2      | Found a faded altar of an unknown god.
  1336 | D:2      | Reached XP level 4. HP: 25/25 MP: 4/7
  1784 | D:3      | Noticed a black bear
  1791 | D:3      | Killed a black bear
  1792 | D:3      | Reached skill level 5 in Earth Magic
  1792 | D:3      | Reached XP level 5. HP: 30/30 MP: 3/9
  1801 | D:3      | Learned a level 3 spell: Stone Arrow
  2010 | D:3      | Got First Steps in Hermetics
  2115 | D:3      | Found a broken altar of Ashenzari.
  2170 | D:3      | Noticed Terence
  2174 | D:3      | Killed Terence
  2175 | D:3      | Reached XP level 6. HP: 36/36 MP: 6/10
  2604 | D:4      | Reached skill level 6 in Earth Magic
  2855 | D:4      | Reached skill level 1 in Hexes
  2857 | D:4      | Reached XP level 7. HP: 14/41 MP: 3/11
  3174 | D:4      | Identified the amulet of Fymyaraj {Faith rF++ Int+3}
  3496 | D:4      | Reached skill level 7 in Earth Magic
  3728 | D:5      | Entered Level 5 of the Dungeon
  3996 | D:5      | Found a snail-covered altar of Cheibriados.
  4000 | D:5      | Reached XP level 8. HP: 48/48 MP: 9/13
  4176 | D:5      | Reached skill level 8 in Earth Magic
  4919 | D:6      | Found Ymeamadi's Vocational Training.
  5096 | D:6      | Reached skill level 5 in Fighting
  5096 | D:6      | Reached XP level 9. HP: 54/54 MP: 8/15
  5097 | D:6      | Reached skill level 9 in Earth Magic
  5248 | D:6      | Found a staircase to the Ecumenical Temple.
  5267 | Temple   | Entered the Ecumenical Temple
  5282 | Temple   | Became a worshipper of Vehumet
  5389 | D:6      | Reached skill level 5 in Conjurations
  5402 | D:6      | Found a sparkling altar of Nemelex Xobeh.
  5777 | D:7      | Reached skill level 5 in Spellcasting
  5919 | D:7      | Found Puyj's General Store.
  5923 | D:7      | Bought a potion of lignification for 39 gold pieces
  5932 | D:7      | Noticed a komodo dragon
  5936 | D:7      | Killed a komodo dragon
  5950 | D:7      | Learned a level 4 spell: Fulminant Prism
  6028 | D:7      | Found a burning altar of Makhleb.
  6072 | D:7      | Learned a level 3 spell: Frozen Ramparts
  6326 | D:7      | Reached * piety under Vehumet
  6326 | D:7      | Offered knowledge of Foxfire by Vehumet.
  6349 | D:7      | Reached skill level 10 in Earth Magic
  6611 | D:7      | Reached skill level 1 in Ice Magic
  6754 | D:8      | Identified a scroll of acquirement
  6756 | D:8      | Acquired 634 gold pieces
  6778 | D:8      | Noticed Pikel
  6910 | D:8      | Killed Pikel
  6911 | D:8      | Reached skill level 1 in Air Magic
  6911 | D:8      | Reached XP level 10. HP: 60/60 MP: 4/18
  6929 | D:8      | Noticed Psyche
  6941 | D:8      | Killed Psyche
  6993 | D:8      | Noticed Maurice
  7049 | D:8      | Something stole a +4 hand axe
  7052 | D:8      | Something stole a curare-tipped dart
  7086 | D:8      | Killed Maurice
  7087 | D:8      | Reached skill level 11 in Earth Magic
  7423 | D:8      | Identified the +1 helmet of the Known World {rF- rC+ rN+
                  | Regen+}
  7453 | D:8      | Found an ancient bone altar of Kikubaaqudgha.
  7698 | D:9      | Reached ** piety under Vehumet
  7699 | D:9      | Offered knowledge of Momentum Strike by Vehumet.
  7705 | D:9      | Reached XP level 11. HP: 27/67 MP: 7/20
  7916 | D:9      | Reached skill level 12 in Earth Magic
  7962 | D:9      | Learned a level 5 spell: Freezing Cloud
  8046 | D:9      | Noticed a two-headed ogre
  8052 | D:9      | Killed a two-headed ogre
  8087 | D:9      | Found a bloodstained altar of Trog.
  8198 | D:9      | Offered knowledge of Dazzling Flash by Vehumet.
  8234 | D:9      | Found a hazy altar of Hepliaklqana.
  8380 | D:9      | Found a shadowy altar of Dithmenos.
  8397 | D:9      | Found a hide-covered altar of Uskayaw.
  8525 | D:10     | Entered Level 10 of the Dungeon
  8595 | D:10     | Noticed a deep elf pyromancer
  8599 | D:10     | Killed a deep elf pyromancer
  8599 | D:10     | Reached *** piety under Vehumet
  8866 | D:10     | Found a stormy altar of Qazlal.
  8910 | D:10     | Found a staircase to the Orcish Mines.
  9342 | D:11     | Noticed a catoblepas
  9347 | D:11     | Killed a catoblepas
  9438 | D:11     | Noticed Urug
  9439 | D:11     | Found a staircase to the Lair.
  9448 | D:11     | Killed Urug
  9466 | D:11     | Offered knowledge of Olgreb's Toxic Radiance by Vehumet.
  9637 | D:11     | Noticed a two-headed ogre
  9641 | D:11     | Killed a two-headed ogre
  9665 | D:11     | Learned a level 3 spell: Vampiric Draining
  9700 | D:11     | Learned a level 5 spell: Borgnjor's Vile Clutch
  9731 | D:11     | Reached skill level 13 in Earth Magic
  9831 | D:11     | Noticed a cyclops
  9835 | D:11     | Killed a cyclops
  9836 | D:11     | Reached skill level 5 in Ice Magic
  9927 | D:11     | Reached XP level 12. HP: 74/74 MP: 22/22
  9927 | D:11     | Reached **** piety under Vehumet
 10229 | Lair:1   | Entered Level 1 of the Lair of Beasts
 10246 | Lair:1   | Offered knowledge of Iskenderun's Battlesphere by Vehumet.
 10347 | Lair:1   | Reached skill level 1 in Necromancy
 10795 | Lair:1   | Reached ***** piety under Vehumet
 10795 | Lair:1   | Offered knowledge of Conjure Ball Lightning by Vehumet.
 11476 | Lair:2   | Found a gate leading to a gauntlet.
 11526 | Gauntlet | Entered a Gauntlet
 11526 | Gauntlet | Found a transporter.
 11526 | Gauntlet | Found a transporter.
 11539 | Gauntlet | Found a transporter.
 11540 | Gauntlet | Found a transporter.
 11545 | Gauntlet | Found a runed translucent gate.
 11545 | Gauntlet | Found a runed translucent gate.
 11545 | Gauntlet | Found a runed translucent gate.
 11547 | Gauntlet | Found a transporter.
 11550 | Gauntlet | Found a transporter.
 11558 | Gauntlet | Found a transporter.
 11576 | Gauntlet | Found a transporter.
 11578 | Gauntlet | Noticed a quicksilver ooze
 11596 | Gauntlet | Found a transporter.
 11597 | Gauntlet | Found a transporter.
 11607 | Gauntlet | Found a transporter.
 11610 | Gauntlet | Found a transporter.
 11617 | Gauntlet | Noticed a tengu warrior
 11645 | Gauntlet | Found a runed translucent door.
 11829 | Lair:2   | Noticed Sonja
 11833 | Lair:2   | Killed Sonja
 11910 | Lair:2   | Reached skill level 14 in Earth Magic
 11942 | Lair:2   | Noticed a seven-headed hydra
 11946 | Lair:2   | Killed a seven-headed hydra
 12155 | Lair:2   | Found a hole to the Spider Nest.
 12342 | Lair:2   | Found a staircase to the Shoals.
 12350 | Lair:2   | Reached XP level 13. HP: 78/80 MP: 25/25
 12391 | Lair:2   | Reached skill level 5 in Air Magic
 12933 | Lair:3   | Identified the +6 scale mail of Poor Excuses {rElec Dex+2}
 13027 | Lair:3   | Found a frozen archway.
 13031 | Lair:3   | Noticed an ice dragon
 13047 | Lair:3   | Killed an ice dragon
 13190 | IceCv    | Entered an ice cave
 13264 | IceCv    | Offered knowledge of Lee's Rapid Deconstruction by Vehumet.
 13291 | IceCv    | Learned a level 5 spell: Lee's Rapid Deconstruction
 13943 | Lair:3   | Reached skill level 15 in Earth Magic
 14287 | Lair:4   | Noticed Kirke
 14323 | Lair:4   | Killed Kirke
 14323 | Lair:4   | Offered knowledge of Spellforged Servitor by Vehumet.
 14409 | Lair:4   | Found a hide-covered altar of Uskayaw.
 14682 | Lair:3   | Reached skill level 10 in Fighting
 15327 | Lair:4   | Reached skill level 10 in Conjurations
 15327 | Lair:4   | Gained mutation: Your large and strong wings let you fly.
                  | [Gargoyle growth]
 15327 | Lair:4   | Reached XP level 14. HP: 85/88 MP: 11/26
 15425 | Lair:4   | Found the +4 consecrated labrys {holy, Valiant Fragile Fly
                  | SInv}
 15758 | Lair:4   | Reached skill level 16 in Earth Magic
 15773 | Lair:4   | Found a staircase to the Slime Pits.
 15789 | Lair:4   | Found a viscous altar of Jiyva.
 15969 | Lair:5   | Entered Level 5 of the Lair of Beasts
 16635 | Lair:5   | Reached ****** piety under Vehumet
 17007 | Lair:5   | Offered knowledge of Bombard by Vehumet.
 17862 | Orc:1    | Entered Level 1 of the Orcish Mines
 18198 | Orc:1    | Paralysed by an orc sorcerer for 2 turns
 18201 | Orc:1    | Reached skill level 17 in Earth Magic
 18201 | Orc:1    | Reached XP level 15. HP: 94/94 MP: 17/28
 18635 | Orc:2    | Entered Level 2 of the Orcish Mines
 18635 | Orc:2    | Found a burning altar of Makhleb.
 18736 | Orc:2    | Offered knowledge of Starburst by Vehumet.
 18762 | Orc:2    | Found the +10 tower shield of Ignorance {rN+ Int-4}
 18769 | Orc:2    | Found a runed translucent door.
 18780 | Orc:2    | Found a runed translucent door.
 18781 | Orc:2    | Noticed Erolcha
 18787 | Orc:2    | Killed Erolcha
 18796 | Orc:2    | Found a staircase to the Elven Halls.
 18807 | Orc:2    | Found a dark tunnel.
 18812 | Volcano  | Entered a volcano
 18914 | Volcano  | Reached skill level 10 in Ice Magic
 18959 | Volcano  | Found a burning altar of Makhleb.
 18962 | Volcano  | Reached skill level 1 in Shields
 18965 | Volcano  | Reached skill level 1 in Axes
 18965 | Volcano  | Reached skill level 1 in Armour
 19274 | Orc:2    | Found Kituoq's Distillery.
 19310 | Orc:2    | Found Fuvisk's Distillery.
 19368 | Orc:2    | Bought a potion of curing for 33 gold pieces
 19368 | Orc:2    | Bought a potion of might for 44 gold pieces
 19368 | Orc:2    | Bought a potion of mutation for 88 gold pieces
 19368 | Orc:2    | Bought a potion of invisibility for 88 gold pieces
 19368 | Orc:2    | Bought a potion of haste for 110 gold pieces
 19370 | Orc:2    | Bought a potion of heal wounds for 80 gold pieces
 19370 | Orc:2    | Bought a potion of heal wounds for 80 gold pieces
 19370 | Orc:2    | Bought a potion of heal wounds for 80 gold pieces
 19370 | Orc:2    | Bought a potion of brilliance for 64 gold pieces
 19635 | Orc:2    | Reached skill level 10 in Spellcasting
 19782 | Orc:2    | Found Womiv's Antique Armour Shop.
 19782 | Orc:2    | Found Jezigak's Jewellery Boutique.
 19783 | Orc:2    | Found a one-way gate leading to the halls of Pandemonium.
 19785 | Orc:2    | Bought a runed scarf for 152 gold pieces
 19788 | Orc:2    | Bought a ring of resist corrosion for 240 gold pieces
 20377 | Spider:1 | Entered Level 1 of the Spider Nest
 20477 | Spider:1 | Noticed a ghost moth
 20645 | Spider:1 | Killed a ghost moth
 20645 | Spider:1 | Offered knowledge of Arcjolt by Vehumet.
 21652 | Spider:2 | Slain by a broodmother

Illustrated notes

Levels and vault maps discovered:
D:1:      mrwooster_arrival_statue_2, layout_loops_ring, st_stairs_9,
          chequers_serial_rivers_micro_d, minmay_heptomino_h4
D:2:      layout_basic, nicolae_ecumenical_pavilion, minivault_26,
          minmay_lizard_king
D:3:      layout_rooms, amcnicky_altar_gilded, uniq_terence
D:4:      layout_basic, kennysheep_nub, minmay_divided_ellipse
D:5:      layout_basic, lemuel_doored_altar, amethyst_killhole
D:6:      layout_rooms, nemelex_dance_club_becter,
          minmay_temple_entry_statues_fountains, nicolae_shop_vocational
D:7:      layout_gridville, makhleb_grotto_becter, serial_shops, shop
D:8:      layout_basic, marbit_many_paths, minmay_stone_trees_small,
          uniq_psyche, uniq_maurice, uniq_pikel
D:9:      layout_loops_cross, grunt_dithmenos_shadows,
          mainiacjoe_overflow_tiny_flanked,
          nicolae_hepliaklqana_monster_ancestors,
          eat_drink_and_be_merry_uskayaw, grunt_decor_cap
D:10:     layout_loops_ring, grunt_qazlal_clouds, orc_0_dummy
D:11:     layout_roguey, dpeg_oklobed_lair, uniq_urug
Temple:   hellmonk_temple_forest_ring
Lair:1:   layout_hall_layers, special_room [special_room_bee],
          patterned_corridor
Lair:2:   layout_gridlike, minmay_shoals_entry_centaurs,
          nicolae_spider_entry_non_spiders, gauntlet_entry_generic,
          lemuel_fruit_tree, uniq_sonja
Lair:3:   layout_regular_city, portal_ice_cave_entry_animals_and_master,
          lemuel_fruit_fields, grunt_megastairs_1
Lair:4:   layout_regular_city, minmay_slime_entry_pillars, basic_altar,
          minmay_lindwurm_lava, grunt_megastairs_3, uniq_kirke
Lair:5:   gammafunk_lair_ancient_temple, layout_gridlike, grunt_megastairs_5
Spider:1: layout_spider_delve, nicolae_spider_paper_wasps
Spider:2: nicolae_spider_jumping_over_cracks [nicolae_spider_jumping_sub_plain,
          nicolae_spider_jumping_sub_no_exit, nicolae_spider_jumping_sub_moat,
          nicolae_spider_jumping_sub_rim]
Orc:1:    layout_caves
Orc:2:    pf_orc_diabolical, layout_diamond_mine, enter_volcano_4, basic_altar,
          chequers_guarded_unrand_ignorance, uniq_erolcha

Skill      XL: |  1  2  3  4  5  6  7  8  9 10 11 12 13 14 15 |
---------------+----------------------------------------------+-----
Earth Magic    | 4 5 6 7 8 10 11 13 14 15 17 | 17.9
Fighting       | 1 2 3 5 6 7 8 9 10 11 | 11.8
Conjurations   | 1 2 3 4 6 8 9 10 11 | 11.6
Spellcasting   | 3 4 5 6 7 8 9 10 | 10.2
Hexes          | 1 2 3 4 |  4.1
Ice Magic      | 2 3 5 6 7 9 11 | 11.0
Air Magic      | 1 2 3 4 5 6 |  6.4
Necromancy     | 2 4 |  4.8
Shields        | 3 |  3.5
Axes           | 3 |  3.0
Armour         | 3 |  3.4
Dodging        | |  1.5
Stealth        | |  2.1
Transmutations | |  0.7

Action                     |  1- 3 |  4- 6 |  7- 9 | 10-12 | 13-15 || total
---------------------------+-------+-------+-------+-------+-------++-------
  Melee: Unarmed           |    14 |       |       |     4 |       ||    18
         Club              |    12 |       |       |       |       ||    12
         Hand axe          |    31 |    20 |       |       |       ||    51
         Short sword       |       |    36 |    72 |   169 |    78 ||   355
         Punch             |       |     1 |     1 |     3 |     3 ||     8
         Labrys            |       |       |       |       |   147 ||   147
  Throw: Dart              |       |       |       |       |     1 ||     1
   Cast: Sandblast         |    51 |    34 |   103 |   184 |   409 ||   781
         Stone Arrow       |       |     3 |    20 |    31 |    94 ||   148
         Frozen Ramparts   |       |       |     2 |    29 |    36 ||    67
         Borgnjor's Vile C |       |       |       |    11 |    26 ||    37
         Freezing Cloud    |       |       |       |     9 |    56 ||    65
         Lee's Rapid Decon |       |       |       |       |    18 ||    18
    Use: Scroll            |       |       |     9 |     5 |    15 ||    29
         Potion            |       |       |       |     1 |     6 ||     7
   Stab: Sleeping          |     5 |     2 |     1 |     1 |       ||     9
 Armour: Robe              |    57 |    49 |   114 |   230 |   709 ||  1159
  Dodge: Dodged            |    64 |    47 |    67 |   147 |   378 ||   703
  Block: Tower shield      |       |       |       |       |    36 ||    36

Table legend: (Time is in decaauts)
 A = Elapsed time spent in this place.
 B = Non-inter-level travel time spent in this place.
 C = Inter-level travel time spent in this place.
 D = Time resting spent in this place.
 E = Time spent auto-exploring this place.
 F = Levels seen in this place.
 G = Mean time per level.
                   A        B        C        D        E       F      G
               +--------+--------+--------+--------+--------+-----+--------+
         Total |  22179 |  21321 |    858 |    826 |  13639 |  24 |  924.1 |
       Dungeon |  10441 |   9998 |    443 |    202 |   7431 |  11 |  949.2 |
        Temple |     30 |      2 |     28 |      0 |      0 |   1 |   30.0 |
          Lair |   7101 |   6809 |    292 |    546 |   3860 |   5 | 1420.2 |
   Spider Nest |   1172 |   1139 |     33 |     67 |    647 |   2 |  586.0 |
  Orcish Mines |   2146 |   2086 |     60 |     11 |   1268 |   2 | 1073.0 |
      Ice Cave |    692 |    692 |      0 |      0 |    335 |   1 |  692.0 |
       Volcano |    366 |    366 |      0 |      0 |     55 |   1 |  366.0 |
      Gauntlet |    228 |    228 |      0 |      0 |     42 |   1 |  228.0 |
               +--------+--------+--------+--------+--------+-----+--------+

Top non-repeatable levels by time:
  Lair:5: 1580 daAuts
  Lair:4: 1542 daAuts
  Lair:2: 1442 daAuts
     D:7: 1355 daAuts
     D:4: 1338 daAuts
   Orc:2: 1319 daAuts
  Lair:1: 1297 daAuts
  Lair:3: 1238 daAuts
Spider:1: 1081 daAuts
     D:5: 1057 daAuts
     D:1: 995 daAuts
    D:11: 950 daAuts
     D:9: 912 daAuts
    D:10: 868 daAuts
     D:8: 866 daAuts
